AoeStats
← Fluvialgeomorphologist

Black Forest

510466205Analyzed
4v4 RM · 11h ago on Oct 1, 2026· 60m 39s· 8 players
Game mode
Random Map
Map size
Large (8 player)
Population
200
Speed
Normal
Resources
Standard
Victory
Conquest
Starting age
Dark Age
Ending age
Imperial Age
RankedLock teamsTeams togetherTeam positionsShared explorationLock speedFull tech treeHidden civsTurbo modeCheats
Victory
Defeat
🇺🇸 Lithuanians · United States
966
+29
🇺🇸 Chinese · United States
897
+16
🇺🇸 Britons · United States
846
+18
🇺🇸 Persians · United States
834
+18
🇺🇸 Bohemians · United States
925
-17
🇦🇷 Persians · Argentina
907
-17
🇯🇵 Khmer · Japan
876
-16
🇺🇸 Burmese · United States
858
-15
Fluvialgeomorphologist
1:13 Loom
12:11 Feudal Age
16:10 Castle Age
16:06 Double-Bit Axe
16:05 Horse Collar
17:39 Heavy Plow
17:53 Bow Saw
21:06 Fervor
24:13 Wheelbarrow
25:33 Hand Cart
30:23 Imperial Age
30:49 Wagenburg Tactics
32:30 Two-Man Saw
32:41 Conscription
33:15 Forging
33:06 Scale Mail Armor
33:06 Padded Archer Armor
32:57 Fletching
33:15 Scale Barding Armor
32:36 Pikeman
33:16 Squires
34:31 Caravan
35:47 Chemistry
35:13 Ballistics
35:20 Murder Holes
36:06 Iron Casting
35:46 Chain Mail Armor
35:29 Elite Hussite Wagon
36:09 Houfnice
36:56 Halberdier
37:02 Elite Skirmisher
40:24 Siege Engineers
41:13 Theocracy
41:02 Sanctity
41:02 Block Printing
42:04 Plate Mail Armor
42:35 Blast Furnace
46:30 Bodkin Arrow
46:51 Leather Archer Armor
46:57 Chain Barding Armor
lesserpanda1300
1:54 Loom
15:31 Feudal Age
15:55 Horse Collar
16:05 Double-Bit Axe
22:41 Castle Age
21:15 Stone Mining
21:18 Gold Mining
22:09 Bloodlines
23:06 Forging
22:51 Fletching
23:51 Heavy Plow
24:05 Bow Saw
Hannibal
0:28 Loom
12:18 Feudal Age
20:16 Castle Age
19:37 Horse Collar
19:57 Gold Mining
20:02 Stone Mining
26:55 Heavy Plow
28:02 Wheelbarrow
32:35 Imperial Age
30:07 Town Watch
31:08 Hand Cart
31:17 Caravan
32:47 Town Patrol
33:04 Masonry
33:15 Ballistics
33:20 Fletching
33:42 Forging
33:38 Scale Barding Armor
34:09 Squires
33:31 Pikeman
34:32 Bloodlines
34:24 Husbandry
34:29 Caravan
36:10 Chemistry
36:04 Halberdier
37:02 Bodkin Arrow
39:06 Howdah
39:36 Bracer
40:53 Man-at-Arms
41:19 Gambesons
41:46 Long Swordsman
42:55 Two-Handed Swordsman
48:48 Iron Casting
47:40 Champion
55:32 Manipur Cavalry
55:53 Conscription
57:06 Light Cavalry
HAMILTON AK
0:57 Loom
11:51 Feudal Age
17:13 Castle Age
16:21 Double-Bit Axe
16:20 Horse Collar
26:28 Gold Mining
27:23 Wheelbarrow
33:06 Imperial Age
30:55 Hand Cart
32:23 Bow Saw
32:22 Heavy Plow
32:26 Stone Mining
33:14 Gold Shaft Mining
35:15 Chemistry
34:45 Scale Barding Armor
35:55 Conscription
37:00 Chain Barding Armor
36:51 Forging
37:06 Elite War Elephant
38:06 Padded Archer Armor
37:56 Fletching
41:16 Leather Archer Armor
41:37 Plate Barding Armor
46:11 Ring Archer Armor
45:36 Bodkin Arrow
52:11 Iron Casting
Eluzak
11:27 Feudal Age
15:05 Castle Age
14:48 Loom
15:04 Double-Bit Axe
15:03 Horse Collar
17:53 Heavy Plow
18:06 Bow Saw
22:32 Wheelbarrow
23:10 Heavy Plow
28:48 Imperial Age
26:51 Hand Cart
28:20 Town Watch
30:40 Two-Man Saw
30:15 Crop Rotation
30:16 Caravan
31:12 Scale Barding Armor
31:18 Forging
30:54 Elite Leitis
31:55 Conscription
32:14 Hoardings
35:13 Chain Barding Armor
35:29 Iron Casting
40:20 Plate Barding Armor
54:38 Light Cavalry
55:40 Bloodlines
55:30 Husbandry
55:58 Winged Hussar
jeffreywhitlock
0:32 Loom
15:43 Feudal Age
24:55 Castle Age
24:22 Double-Bit Axe
24:20 Horse Collar
25:07 Fletching
25:20 Gold Mining
26:11 Crossbowman
29:52 Wheelbarrow
31:58 Bow Saw
32:20 Hand Cart
34:00 Bodkin Arrow
34:17 Stone Mining
34:57 Heavy Plow
35:07 Padded Archer Armor
36:20 Leather Archer Armor
38:58 Ballistics
40:00 Gold Shaft Mining
39:44 Masonry
39:59 Fortified Wall
43:08 Imperial Age
44:08 Bracer
45:37 Arbalester
48:09 Ring Archer Armor
51:04 Capped Ram
52:20 Yeomen
52:04 Warwolf
55:10 Chemistry
54:42 Architecture
60:48 Caravan
leifdaniel
0:27 Loom
13:29 Feudal Age
17:10 Double-Bit Axe
20:10 Castle Age
18:17 Horse Collar
18:32 Gold Mining
21:14 Bow Saw
21:10 Heavy Plow
21:23 Bow Saw
21:38 Stone Mining
22:47 Wheelbarrow
23:29 Stone Shaft Mining
24:18 Hand Cart
27:18 Gold Shaft Mining
29:05 Thumb Ring
29:04 Padded Archer Armor
28:55 Fletching
33:07 Imperial Age
34:52 Two-Man Saw
33:19 Capped Ram
34:47 Caravan
35:01 Elite Fire Lancer
35:43 Squires
35:30 Arson
35:57 Forging
35:53 Scale Barding Armor
35:49 Scale Mail Armor
37:35 Iron Casting
41:00 Blast Furnace
40:16 Chain Mail Armor
41:07 Chemistry
41:39 Conscription
41:48 Rocketry
41:22 Heavy Rocket Cart
43:01 Pikeman
44:15 Plate Mail Armor
45:49 Halberdier
46:41 Crossbowman
46:48 Elite Skirmisher
51:44 Ballistics
GeneralZyidar
13:20 Feudal Age
17:45 Castle Age
16:09 Double-Bit Axe
17:08 Gold Mining
20:02 Horse Collar
23:43 Bow Saw
24:43 Wheelbarrow
24:56 Stone Mining
25:11 Heavy Plow
31:38 Gold Shaft Mining
35:10 Imperial Age
33:35 Hand Cart
33:59 Forging
33:55 Scale Barding Armor
34:34 Stone Shaft Mining
35:51 Conscription
37:00 Iron Casting
36:46 Chain Barding Armor
36:33 Caravan
37:00 Padded Archer Armor
36:50 Fletching
38:18 Two-Man Saw
39:21 Blast Furnace
37:48 Elite War Elephant
39:09 Town Watch
40:02 Plate Barding Armor
39:43 Bloodlines
39:35 Husbandry
40:08 Crop Rotation
42:47 Chemistry
42:09 Ballistics
42:01 Masonry
43:18 Leather Archer Armor
42:58 Bodkin Arrow
43:33 Kamandaran
45:02 Crossbowman
45:50 Thumb Ring
52:16 Light Cavalry
56:53 Hussar
Connection lost

Rejoining the realm…

Still unreachable

The connection could not be restored.

Session expired

The server has moved on; the page needs a fresh start.